AoeStats
← Suuuuzie

Arabia

510560824Analyzed
2v2 RM · 2d ago on Oct 1, 2026· 44m 35s· 4 players
Game mode
Random Map
Map size
Medium (4 player)
Population
200
Speed
Normal
Resources
Standard
Victory
Conquest
Starting age
Dark Age
Ending age
Imperial Age
RankedLock teamsTeams togetherTeam positionsShared explorationLock speedFull tech treeHidden civsTurbo modeCheats
Victory
Defeat
🇹🇷 Tatars · Türkiye
1057
+14
🇹🇷 Inca · Türkiye
1037
+15
🇺🇸 Saxons · United States
1048
-16
🇩🇪 Malay · Germany
988
-13
Suuuuzie
10:21 Feudal Age
10:02 Man-at-Arms
22:29 Castle Age
20:41 Double-Bit Axe
21:12 Horse Collar
22:02 Scale Barding Armor
22:30 Gold Mining
22:45 Husbandry
23:01 Forging
24:02 Bow Saw
27:03 Iron Casting
33:01 Fletching
35:11 Bodkin Arrow
36:50 Loom
39:38 Imperial Age
37:01 Crossbowman
40:41 Arbalester
Bobby Hill
7:09 Loom
10:36 Feudal Age
11:56 Wheelbarrow
11:08 Double-Bit Axe
15:03 Horse Collar
17:59 Castle Age
17:31 Stone Mining
17:42 Gold Mining
20:22 Bloodlines
20:12 Husbandry
21:00 Scale Barding Armor
22:29 Bow Saw
22:51 Forging
33:20 Hand Cart
33:46 Town Watch
36:29 Heavy Plow
40:18 Imperial Age
38:06 Scale Mail Armor
37:56 Fletching
38:42 Iron Casting
38:52 Ballistics
38:43 Masonry
39:18 Chain Mail Armor
39:51 Bodkin Arrow
40:32 Cavalier
42:55 Two-Man Saw
41:43 Elite Varangian Guard
42:09 Gambesons
42:25 Squires
42:11 Arson
43:14 Plate Mail Armor
42:45 Bracer
42:20 Shield Wall
43:20 Conscription
44:45 Chemistry
44:16 Architecture
43:42 Murder Holes
43:58 Man-at-Arms
Vainamön
5:25 Loom
10:49 Feudal Age
11:51 Double-Bit Axe
12:45 Champi Runner
14:55 Gold Mining
22:19 Castle Age
21:46 Fletching
21:56 Scale Mail Armor
21:44 Horse Collar
22:34 Arson
22:31 Pikeman
24:04 Stone Mining
26:54 Heavy Plow
29:14 Squires
29:47 Town Watch
35:36 Murder Holes
35:47 Arson
37:27 Forging
39:13 Chain Mail Armor
40:26 Ballistics
40:08 Padded Archer Armor
41:17 Wheelbarrow
45:26 Imperial Age
43:48 Iron Casting
Ivar the Boneless
6:03 Loom
11:23 Feudal Age
17:36 Castle Age
15:58 Double-Bit Axe
16:54 Stone Mining
20:28 Wheelbarrow
22:55 Bow Saw
24:03 Hand Cart
26:33 Pikeman
34:14 Imperial Age
36:03 Imperial Age
35:58 Bloodlines
36:21 Gold Mining
38:04 Scale Mail Armor
38:14 Forging
38:07 Husbandry
38:10 Elite Keshik
40:26 Iron Casting
41:30 Halberdier
45:17 Blast Furnace
Connection lost

Rejoining the realm…

Still unreachable

The connection could not be restored.

Session expired

The server has moved on; the page needs a fresh start.